 Dungeon Crawl Stone Soup version 0.22.1-1-ga44c0e5 (webtiles) character file.

242 Harpaggios the Vexing (level 6, -4/28 HPs)
             Began as a Vine Stalker Enchanter on Oct 19, 2018.
             Was an Initiate of Dithmenos.
             Slain by an ice beast (11 damage)
             ... on level 5 of the Dungeon.
             The game lasted 00:12:56 (3322 turns).

Harpaggios the Vexing (Vine Stalker Enchanter)      Turns: 3322, Time: 00:12:57

Health: -4/28      AC:  4    Str: 10    XL:     6   Next: 9%
Magic:  0/13       EV: 12    Int: 15    God:    Dithmenos [......]
Gold:   246        SH:  0    Dex: 19    Spells: 9/13 levels left

rFire    . . .     SeeInvis .   a - +2 dagger
rCold    . . .     Gourm    .   (no shield)
rNeg     . . .     Faith    .   b - +1 robe
rPois    .         Spirit   +   (no helmet)
rElec    .         Reflect  .   f - +0 cloak
rCorr    .         Harm     .   (no gloves)
MR       .....                  (no boots)
Stlth    +++.......             (no amulet)
HPRegen  0.49/turn              i - +2 ring of dexterity
MPRegen  0.13/turn              (no ring)

@: no status effects
A: fangs 2, regeneration 1, magic shield, antimagic bite, no potion heal 3, rot
immunity
a: Renounce Religion


You were on level 5 of the Dungeon.
You worshipped Dithmenos.
Dithmenos was noncommittal.
You were not hungry.

You visited 1 branch of the dungeon, and saw 5 of its levels.

You collected 246 gold pieces.

Inventory:

Hand Weapons
 a - a +2 dagger (weapon)
Armour
 b - a +1 robe (worn)
 f - a +0 cloak (worn)
Jewellery
 i - a +2 ring of dexterity (left hand)
Scrolls
 c - a scroll of immolation
 h - a scroll of fog
 k - a scroll of remove curse
 m - a scroll of enchant armour
 n - a scroll of identify
Potions
 e - 2 potions of brilliance
 g - a potion of curing
 j - a potion of flight {unknown}
Comestibles
 d - 6 rations
 l - a chunk of flesh


   Skills:
 + Level 3.0 Short Blades
 - Level 1.5 Dodging
 - Level 3.6 Stealth
 - Level 4.0 Spellcasting
 + Level 4.5 Hexes


You had 9 spell levels left.
You knew the following spells:

 Your Spells              Type           Power        Failure   Level  Hunger
a - Corona                Hex            ###....      2%          1    None
b - Confuse               Hex            ###.....     9%          3    ###....

Your spell library contained the following spells:

 Spells                   Type           Power        Failure   Level  Hunger
 Tukima's Dance           Hex            ###.....     9%          3    ###....
 Ensorcelled Hibernation  Hex/Ice        #.....       11%         2    ##.....
 Dazzling Spray           Conj/Hex       #.....       22%         3    ###....


Dungeon Overview and Level Annotations

Branches:
Dungeon (5/15)
 Temple: D:4-7

Altars:
Ashenzari
Cheibriados
Dithmenos
Ru
The Shining One


Innate Abilities, Weirdness & Mutations

You have extremely sharp teeth.
Your natural rate of healing is unusually fast.
When hurt, damage is shared between your health and your magic reserves.
Your bite disrupts and absorbs the magic of your enemies.
Potions cannot restore your health.
You are immune to rotting.


Message History

You hit the ice beast.
The ice beast is lightly wounded.
A giant cockroach comes into view.
The ice beast hits you. The ice beast freezes you.
* * * LOW HITPOINT WARNING * * *
You barely miss the ice beast.
The ice beast is lightly wounded.
The ice beast closely misses you.
You hit the ice beast.
You bite the ice beast, but do no damage.
The ice beast is lightly wounded.
The ice beast closely misses you.
You hit the ice beast.
The ice beast is lightly wounded.
You hit the ice beast. Your bite misses the ice beast.
The ice beast is moderately wounded.
The ice beast hits you.
* * * LOW HITPOINT WARNING * * *
The ice beast freezes you!
You die...

#.# #.# #.#
### #.# #..
##.###.##
#........ .#
#..# #.###..#
#..###.....[##
#...@Y.s......
#.####.####.##
#.# #.# #.#
#.. #.# #.##
#<# #.# #.#
#S# #.. ...
####


You could see an ice beast and a giant cockroach.

Vanquished Creatures
  An ogre (D:3)
  A howler monkey (D:5)
  An iguana (D:5)
  Terence (D:3)
  3 adders
  5 leopard geckos
  A ball python (D:5)
  6 giant cockroaches
  2 goblins
  2 hobgoblins
  3 jackals (D:1)
  A quokka (D:3)
  A bat (D:3)
  A frilled lizard (D:2)
  5 kobolds
  5 rats
39 creatures vanquished.

Notes
Turn   | Place    | Note
-------+----------+-------------------------------------------
     0 | D:1      | Harpaggios the Vine Stalker Enchanter began the quest for
                  | the Orb.
     0 | D:1      | Reached XP level 1. HP: 9/9 MP: 4/4
    33 | D:1      | Reached skill level 1 in Short Blades
   213 | D:1      | Reached XP level 2. HP: 12/13 MP: 3/6
   707 | D:2      | Reached XP level 3. HP: 4/16 MP: 6/8
  1022 | D:2      | Found a shadowy altar of Dithmenos.
  1055 | D:2      | Became a worshipper of Dithmenos the Shadowed
  1236 | D:2      | Learned a level 3 spell: Confuse
  1307 | D:2      | Found a glowing golden altar of the Shining One.
  1884 | D:3      | Noticed an ogre
  1957 | D:3      | Killed an ogre
  1957 | D:3      | Gained mutation: Your natural rate of healing is unusually
                  | fast. [Vine Stalker growth]
  1957 | D:3      | Reached XP level 4. HP: 3/21 MP: 6/10
  1957 | D:3      | Reached XP level 5. HP: 4/24 MP: 6/11
  2003 | D:3      | Found a snail-covered altar of Cheibriados.
  2228 | D:3      | Noticed Terence
  2238 | D:3      | Found a shattered altar of Ashenzari.
  2250 | D:3      | Killed Terence
  2737 | D:4      | Found a sacrificial altar of Ru.
  3270 | D:5      | Entered Level 5 of the Dungeon
  3306 | D:5      | Noticed an ice beast
  3314 | D:5      | Reached XP level 6. HP: 11/28 MP: 3/13
  3322 | D:5      | Slain by an ice beast

Skill      XL: |  1  2  3  4  5 |
---------------+----------------+-----
Short Blades   | 1 2 3 |  3.0
Spellcasting   | 3 4 |  4.0
Hexes          | 4 |  4.5
Dodging        | |  1.5
Stealth        | |  3.6

Action                   |  1- 3 |  4- 6 || total
-------------------------+-------+-------++-------
Melee: Dagger            |   112 |    57 ||   169
       Bite              |    23 |    20 ||    43
 Cast: Corona            |    32 |     9 ||    41
       Confuse           |       |     5 ||     5
  Use: Scroll            |    11 |     1 ||    12
       Potion            |     6 |       ||     6
 Stab: Confused          |       |     1 ||     1
       Sleeping          |       |     1 ||     1
  Eat: Chunk             |     3 |     2 ||     5
       Ration            |       |     1 ||     1
Armor: Robe              |    12 |     5 ||    17
Dodge: Dodged            |    56 |    32 ||    88
